 Dungeon Crawl Stone Soup version 0.18-a0-1443-ge8f1551 (webtiles) character file.

163 Tomstefer the Conjurer (level 5, 0/28 HPs)
             Began as a Tengu Conjurer on Feb 29, 2016.
             Slain by an orc wizard
             ... wielding a +0 dagger
              (2 damage)
             ... on level 2 of the Dungeon.
             The game lasted 00:07:20 (2873 turns).

Tomstefer the Conjurer (Tengu Conjurer)             Turns: 2873, Time: 00:07:20

Health: 0/28       AC:  4    Str:  8    XL:     5   Next: 44%
Magic:  3/11       EV: 12    Int: 16    God:
Gold:   69         SH:  0    Dex: 15    Spells: 3 memorised, 2 levels left

rFire  . . .     SeeInvis .     o - +0 whip
rCold  . . .     Gourm    .     h - +1 leather armour
rNeg   . . .     Faith    .     (no shield)
rPois  .         Spirit   .     (helmet restricted)
rElec  .         Dismiss  .     (no cloak)
rCorr  .         Reflect  .     (no gloves)
SustAt .         Harm     .     (boots unavailable)
MR     .....                    (no amulet)
Stlth  ++........               (no ring)
                                (no ring)

@: not resistant to hostile enchantments, unstealthy
A: beak, talons 3, able to fly 1
a: Fly


You were on level 2 of the Dungeon.
You were not hungry.

You visited 1 branch of the dungeon, and saw 3 of its levels.

You collected 69 gold pieces.

Inventory:

Hand Weapons
 o - a +0 whip (weapon)
Armour
 a - a +0 robe
 h - a +1 leather armour (worn)
Scrolls
 j - a scroll of enchant armour
 m - 3 scrolls of fog
 p - a scroll of fear {unknown}
 q - a scroll of teleportation {unknown}
Potions
 e - a potion of magic {unknown}
 f - a potion of flight {unknown}
 i - a potion of haste
 r - a potion of might {unknown}
 s - a potion of agility {unknown}
Books
 b - a book of Conjurations

   Spells                             Type                      Level
   a - Magic Dart                     Conjuration                  1
   b - Searing Ray                    Conjuration                  2
   c - Dazzling Spray                 Conjuration/Hexes            3
   d - Fulminant Prism                Conjuration/Hexes            4
   e - Iskenderun's Mystic Blast      Conjuration                  4
   f - Iskenderun's Battlesphere      Conjuration/Charms           5
Comestibles
 c - 3 bread rations
 d - a chunk of flesh
 g - 2 fruits
 l - a beef jerky


   Skills:
 - Level 2.1 Dodging
 - Level 2.0 Stealth
 + Level 3.4 Spellcasting
 * Level 7.5 Conjurations


You had 2 spell levels left.
You knew the following spells:

 Your Spells              Type           Power        Failure   Level  Hunger
a - Magic Dart            Conj           ####         1%          1    None
b - Searing Ray           Conj           ####..       1%          2    ##.....
c - Iskenderun's Battles  Conj/Chrm      ##......     98%         5    ######.


Dungeon Overview and Level Annotations

Branches:
Dungeon (3/15)

Altars:

Annotations:
D:3 Grinder


Innate Abilities, Weirdness & Mutations

You have a beak for a mouth.
You have claws for feet.
You can fly.


Message History

You start resting.
Something hits you but does no damage.
You start resting.
You hear some strange, mumbled words.
A magic dart appears from out of thin air!
The magic dart hits you! Something hits you but does no damage.
You hit something but do no damage. You claw something.
You hear some strange, mumbled words.
A puff of flame appears from out of thin air!
The puff of flame hits you!
You hit something but do no damage.
You hear some strange, mumbled words.
A magic dart appears from out of thin air!
The magic dart hits you!
* * * LOW HITPOINT WARNING * * *
Casting: Magic Dart
Confirm with . or Enter, or press ? or * to list all spells.
You can't see any susceptible monsters within range! (Use Z to cast anyway.)
You barely miss something. Something hits you.
You die...

#......#.......###########....
#......#.................#....
##......#........######........
#....)...........## #........
#.................# #........
#...........[.....#####........
#.......................†......
##.......................#.....
###...........>@(...............
#..............{.......#........
#.......(..........#####........
##..................#####........
#.....#..........................
#.....#...................#......
#.....#...................#....[.
###.####.##.####..........#......
##...#####...#######.............


There were no monsters in sight!

Vanquished Creatures
  Ijyb (D:2)
  A hound skeleton (D:2)
  Robin (D:2)
  2 adders (D:2)
  2 oozes
  A worm (D:2)
  4 dart slugs (D:1)
  3 giant geckos
  7 orcs
  3 giant cockroaches
  10 goblins
  7 hobgoblins
  A quokka (D:2)
  2 ball pythons
  5 bats
  6 giant newts
  5 kobolds
  6 rats
67 creatures vanquished.

Notes
Turn   | Place    | Note
--------------------------------------------------------------
     0 | D:1      | Tomstefer the Tengu Conjurer began the quest for the Orb.
     0 | D:1      | Reached XP level 1. HP: 10/10 MP: 4/4
   200 | D:1      | Reached XP level 2. HP: 15/15 MP: 0/6
   791 | D:1      | Reached XP level 3. HP: 19/19 MP: 1/7
   807 | D:1      | Reached skill level 6 in Conjurations
  1427 | D:2      | Noticed Ijyb
  1434 | D:2      | Killed Ijyb
  1434 | D:2      | Reached XP level 4. HP: 24/24 MP: 1/9
  2143 | D:3      | Noticed Robin
  2200 | D:2      | Killed Robin
  2200 | D:2      | Reached skill level 7 in Conjurations
  2200 | D:2      | Gained mutation: You can fly. [Tengu growth]
  2200 | D:2      | Reached XP level 5. HP: 21/28 MP: 2/10
  2480 | D:3      | Learned a level 2 spell: Searing Ray
  2486 | D:3      | Learned a level 5 spell: Iskenderun's Battlesphere
  2561 | D:3      | Noticed Grinder
  2873 | D:2      | Slain by an orc wizard

Vault maps used:
D:1:      dpeg_arrival_simpleton_b
D:2:      minmay_misc_feat_tower, uniq_iyjb
D:3:      uniq_sigmund, uniq_grinder, uniq_robin

Skill      XL: |  1  2  3  4 |
---------------+-------------+-----
Conjurations   | 6 7 |  7.5
Spellcasting   | 3 |  3.4
Dodging        | |  2.1
Stealth        | |  2.0

Action                   |  1- 3 |  4- 6 || total
-------------------------+-------+-------++-------
Melee: Club              |     3 |       ||     3
       Whip              |       |     3 ||     3
 Cast: Magic Dart        |    67 |    94 ||   161
  Use: Scroll            |       |     4 ||     4
  Eat: Chunk             |     2 |     4 ||     6
       Fruit             |       |     1 ||     1
